 Dungeon Crawl Stone Soup version 0.19.0-19-g8c6edcc (webtiles) character file.

1400 Thraspic the Destroyer (level 8, -4/46 HPs)
             Began as an Octopode Conjurer on Nov 14, 2016.
             Slain by a gnoll
             ... wielding a +0 flail
              (10 damage)
             ... on level 6 of the Dungeon.
             The game lasted 00:14:30 (7648 turns).

Thraspic the Destroyer (Octopode Conjurer)          Turns: 7648, Time: 00:14:30

Health: -4/46      AC:  1    Str:  8    XL:     8   Next: 69%
Magic:  9/18       EV: 13    Int: 19    God:
Gold:   194        SH:  0    Dex: 12    Spells: 4 memorised, 10 levels left

rFire  . . .     SeeInvis .     i - +0 dagger (speed)
rCold  + . .     Gourm    .     (no shield)
rNeg   . . .     Faith    .     (helmet restricted)
rPois  .         Spirit   .     (no amulet)
rElec  .         Reflect  .     u - ring of protection from cold
rCorr  .         Harm     .     (no ring)
MR     .....                    (no ring)
Stlth  +++.......               (no ring)
                                (no ring)
                                (no ring)
                                (no ring)
                                (no ring)

@: exhausted, very slightly contaminated, slowed, very slow
A: almost no armour, stealthy swim, amphibious, 8 rings, constrict 8, camouflage
1, gelatinous body 1
a: no special abilities


You were on level 6 of the Dungeon.
You were hungry.

You visited 1 branch of the dungeon, and saw 6 of its levels.

You collected 194 gold pieces.

Inventory:

Hand Weapons
 i - a +0 dagger of speed (weapon)
 l - a +0 dagger
Missiles
 m - 10 tomahawks (quivered)
Armour
 t - the +5 shield of Dithmenos's Generosity {*Corrode rC++ MR+ Dex+4}
   (You found it on level 4 of the Dungeon)

   It affects your dexterity (+4).
   It greatly protects you from cold.
   It affects your resistance to hostile enchantments.
   It may corrode you when you take damage.
Jewellery
 u - a ring of protection from cold (left tentacle)
Wands
 q - a wand of flame (35/48)
 r - a wand of paralysis (11/24)
Scrolls
 k - 2 scrolls of teleportation
 p - a scroll of identify
 s - a scroll of remove curse
 v - a scroll of amnesia {unknown}
Potions
 c - 4 potions of flight {unknown}
 d - 3 potions of curing {unknown}
 e - a potion of resistance {unknown}
 f - 2 potions of lignification {unknown}
 g - a potion of haste {unknown}
 h - a potion of degeneration {unknown}
 j - a potion of agility {unknown}
 n - 2 potions of magic
Books
 a - a book of Conjurations

   Spells                             Type                      Level
   a - Magic Dart                     Conjuration                  1
   b - Searing Ray                    Conjuration                  2
   c - Dazzling Spray                 Conjuration/Hexes            3
   d - Fulminant Prism                Conjuration/Hexes            4
   e - Iskenderun's Mystic Blast      Conjuration                  4
   f - Iskenderun's Battlesphere      Conjuration/Charms           5
Comestibles
 o - a bread ration


   Skills:
 - Level 2.0 Dodging
 - Level 2.6 Stealth
 - Level 7.0 Spellcasting
 - Level 8.0 Conjurations
 + Level 2.2 Hexes


You had 10 spell levels left.
You knew the following spells:

 Your Spells              Type           Power        Failure   Level  Hunger
a - Magic Dart            Conj           ####         1%          1    None
b - Searing Ray           Conj           #####.       1%          2    None
c - Iskenderun's Mystic   Conj           #####...     4%          4    ###....
d - Fulminant Prism       Conj/Hex       ####......   14%         4    ###....


Dungeon Overview and Level Annotations

Branches:
Dungeon (6/15)
 Temple: D:4-7

Altars:

Shops:
D:4 !

Annotations:
D:4 GlenndL's ghost, amateur DsAs


Innate Abilities, Weirdness & Mutations

You cannot wear most types of armour.
You are very stealthy in the water. (Stealth+)
You are amphibious.
You can wear up to eight rings at the same time.
You can use your tentacles to constrict eight enemies at once.
Your skin changes colour to match your surroundings (Stealth+).
Your rubbery body absorbs attacks. (AC +1, EV +1)


Message History

The gnoll is moderately wounded.
Evoking this partially-identified wand wasted a few charges.
The gnoll barely misses you. The gnoll misses you. x2
Unknown command.
The gnoll barely misses you. The gnoll hits you.
* * * LOW HITPOINT WARNING * * *
The gnoll completely misses you.
Evoke which item? (* to show all) (? for menu, Esc to quit)
Zapping:
r - a wand of paralysis (will waste charges)
Press: ? - help, Shift-Dir - straight line, f - gnoll, p - gnoll
Aim: a gnoll (chance to defeat MR: 54%)
The gnoll suddenly stops moving!
Evoking this partially-identified wand wasted a few charges.
The helpless gnoll fails to defend itself.
You hit the gnoll. You grab the gnoll.
The gnoll is heavily wounded.
You constrict the gnoll, but do no damage.
The gnoll hits you with a flail!
You die...

.....## ##......##..## ##.#
###..# #.......###..# ### #..#
#.......# ##.## ##..## #.......#
#..# ##....## ##.......# ##.##
### ....#...##........# ##..###.#
..#####...........####......##
..# #...........#...###.## #.##
##.#......@<....# #.# #..#
#..#.....gg##..## ##.##
##.####......#..###..####...#
#..##.(..>...........##..###
##.......................##
.#g.......................##
)g(........................##
#...##..................##.(## ##
##......................###..#..#


You could see 2 gnolls.

Vanquished Creatures
  Grinder (D:5)
  A hippogriff (D:5)
  Sigmund (D:3)
  An ice beast (D:5)
  A centaur (D:6)
  An ogre (D:5)
  A scorpion (D:4)
  2 crimson imps
  A centaur zombie (D:5)
  A centaur skeleton (D:6)
  2 hounds
  A gnoll shaman (D:4)
  2 orc priests (D:3)
  An orc wizard (D:5)
  A bullfrog skeleton (D:4)
  An iguana (D:5)
  3 worker ants (D:4)
  Robin (D:3)
  A gnoll (D:4)
  6 adders
  An ooze (D:1)
  An adder skeleton (D:5)
  2 dart slugs
  5 leopard geckos
  9 orcs
  2 ball pythons
  9 bats
  4 giant cockroaches
  9 hobgoblins
  A quokka (D:2)
  4 frilled lizards
  13 goblins
  3 kobolds
  A quokka zombie (D:5)
  12 rats
106 creatures vanquished.

Notes
Turn   | Place    | Note
-------+----------+-------------------------------------------
     0 | D:1      | Thraspic the Octopode Conjurer began the quest for the Orb.
     0 | D:1      | Reached XP level 1. HP: 11/11 MP: 3/3
   581 | D:1      | Reached XP level 2. HP: 17/17 MP: 3/5
  1517 | D:2      | Reached XP level 3. HP: 20/21 MP: 3/6
  1521 | D:2      | Learned a level 2 spell: Searing Ray
  1556 | D:2      | Found a faded altar of an unknown god.
  1581 | D:2      | Reached skill level 5 in Conjurations
  1823 | D:2      | Reached XP level 4. HP: 27/27 MP: 0/7
  2861 | D:3      | Reached skill level 6 in Conjurations
  2861 | D:3      | Reached XP level 5. HP: 17/31 MP: 4/8
  3068 | D:3      | Learned a level 4 spell: Iskenderun's Mystic Blast
  3291 | D:3      | Noticed Robin
  3293 | D:3      | Killed Robin
  3621 | D:3      | Noticed Sigmund
  3628 | D:3      | Killed Sigmund
  3628 | D:3      | Reached skill level 7 in Conjurations
  3628 | D:3      | Reached XP level 6. HP: 14/36 MP: 1/9
  3897 | D:4      | Noticed GlenndL's ghost (amateur DsAs)
  4141 | D:4      | Found Joem's Distillery.
  4453 | D:4      | Got a jewelled shield
  4459 | D:4      | Identified the +5 shield of Dithmenos's Generosity {*Corrode rC++ MR+ Dex+4} (You found it on level 4 of the Dungeon)
  4914 | D:4      | Reached skill level 8 in Conjurations
  4914 | D:4      | Reached XP level 7. HP: 41/41 MP: 6/10
  5267 | D:5      | Entered Level 5 of the Dungeon
  6068 | D:5      | Noticed a hippogriff
  6074 | D:5      | Learned a level 4 spell: Fulminant Prism
  6081 | D:5      | Killed a hippogriff
  6081 | D:5      | Reached skill level 5 in Spellcasting
  6081 | D:5      | Reached XP level 8. HP: 14/46 MP: 4/16
  6428 | D:5      | Noticed Grinder
  6431 | D:5      | Killed Grinder
  7609 | D:6      | Reached skill level 1 in Hexes
  7648 | D:6      | Slain by a gnoll

Skill      XL: |  1  2  3  4  5  6  7  8 |
---------------+-------------------------+-----
Conjurations   | 5 6 7 8 |  8.0
Spellcasting   | 5 7 |  7.0
Hexes          | 2 |  2.2
Dodging        | |  2.0
Stealth        | |  2.6

Action                   |  1- 3 |  4- 6 |  7- 9 || total
-------------------------+-------+-------+-------++-------
Melee: Unarmed           |    26 |     7 |       ||    33
       Constrict         |     6 |     8 |    10 ||    24
       Tentacles         |     3 |     6 |    14 ||    23
       Dagger            |       |    28 |    52 ||    80
Throw: Tomahawk          |       |     1 |     4 ||     5
 Cast: Magic Dart        |    56 |    85 |    33 ||   174
       Iskenderun's Myst |       |     3 |    17 ||    20
       Searing Ray       |       |     1 |     4 ||     5
Evoke: Wand              |       |       |     2 ||     2
  Use: Scroll            |       |       |     6 ||     6
       Potion            |       |       |     1 ||     1
 Stab: Sleeping          |       |     2 |     4 ||     6
       Paralysed         |       |       |     1 ||     1
  Eat: Chunk             |     1 |     7 |     5 ||    13
       Bread ration      |     1 |       |     1 ||     2
       Royal jelly       |       |     1 |     1 ||     2
Armor: Skin              |     8 |     6 |     2 ||    16
Dodge: Dodged            |    24 |    28 |    39 ||    91
